 Dungeon Crawl Stone Soup version 0.31.0-12-g77e489cdc1 (webtiles) character file.

Game seed: 4652286935816832614

93 lordive the Ruffian (level 4, -1/27 HPs)
             Began as a Troll Shapeshifter on Feb 29, 2024.
             Succumbed to Edmund's poison
             ... on level 5 of the Dungeon.
             The game lasted 00:01:55 (1467 turns).

lordive the Ruffian (Troll Shapeshifter)            Turns: 1467, Time: 00:01:56

Health: -1/27      AC:  2    Str: 22    XL:     4   Next: 37%
Magic:  3/3        EV: 14    Int:  6    God:
Gold:   115        SH:  0    Dex: 11    Spells: 3/3 levels left

rFire   . .          .
                       - Unarmed
rCold   . . .        (shield currently unavailable)
rNeg    . . .        a - melded +0 animal skin
rPois   .            (helmet restricted)
rElec   .            (no cloak)
rCorr   .            (gloves unavailable)
SInv    .            (boots unavailable)
Will    .....        (no amulet)
Stlth   +            (no ring)
HPRegen 1.04/turn    (no ring)
MPRegen 0.08/turn

%: no passive effects
@: lethally poisoned (-1 -> -6), flux-form, glowing
A: glow, contaminating, reduced hp, large, unfitting armour, claws 3,
regeneration 1, shaggy fur 1, tough skin 1
a: Begin Untransformation


You were on level 5 of the Dungeon.
You were something dangerously unstable.
You visited 1 branch of the dungeon, and saw 4 of its levels.

You collected 115 gold pieces.

Inventory:

Armour
 a - a +0 animal skin (melded)
Jewellery
 l - a ring of poison resistance
Talismans
 c - a beast talisman
 d - a flux talisman (active)
Scrolls
 e - a scroll of poison {unknown}
 j - a scroll of enchant weapon {unknown}
 k - a scroll of vulnerability {unknown}
 m - a scroll of identify {unknown}
 n - a scroll of revelation {unknown}
Potions
 b - a potion of lignification
 f - 2 potions of resistance {unknown}
 g - 6 potions of curing {unknown}
 h - a potion of might {unknown}
 i - a potion of attraction {unknown}


   Skills:
 + Level 1.1 Fighting
 + Level 1.9 Dodging
 + Level 4.1 Unarmed Combat
 + Level 3.7 Shapeshifting


You had 3 spell levels left.
You didn't know any spells.
Your spell library contained the following spells:

 Spells                   Type           Power      Damage    Failure   Level
 Mercury Vapours          Alch/Air       0%         N/A       58%         2
 Mephitic Cloud           Conj/Alch/Air  0%         N/A       83%         3
 Freezing Cloud           Conj/Ice/Air   0%         6-21      100%        5


Dungeon Overview and Level Annotations

Branches:
Dungeon (3/15)

Altars:
Dithmenos

Annotations:
D:5 Edmund


Innate Abilities, Weirdness & Mutations

You are something dangerously unstable.
You glow with magical radiation, making you easy to see and hit.
Foes you strike become dangerously contaminated with magical radiation.
Your maximum health is decreased, since you lack skill for your form.
You are incapable of wielding weapons or throwing items.
You are too large for most types of armour.
You have claws for hands.
Your natural rate of healing is unusually fast.
You are covered in fur. (AC +1)
You have tough skin. (AC +1)


Message History

You fall into a shaft and drop 2 floors!
The shaft crumbles and collapses.
You open the door.
Edmund the Younger comes into view.
He is wielding a +1 flail of venom.
Edmund shouts!
Edmund is nearby!
Edmund is nearby!
Edmund is nearby!
There is an open door here.
Edmund hits you with a +1 flail of venom!
You are poisoned.
You closely miss Edmund.
You feel very sick.
You scratch Edmund.
Edmund begins to glow.
Edmund is lightly wounded.
You feel very sick.
Edmund hits you with a +1 flail of venom.
You are lethally poisoned!
You are too injured to fight recklessly!
You scratch Edmund.
Edmund glows dangerously bright.
Edmund is moderately wounded.
* * * LOW HITPOINT WARNING * * *
You feel very sick. Edmund closely misses you.
You barely miss Edmund.
Edmund is moderately wounded.
* * * LOW HITPOINT WARNING * * *
You feel very sick. Edmund barely misses you.
You scratch Edmund.
Edmund shudders as magic cascades through him!
Edmund twists and deforms.
Edmund is severely wounded.
* * * LOW HITPOINT WARNING * * *
You feel very sick. Edmund barely misses you.
Okay, then.
You scratch Edmund but do no damage.
Edmund begins to glow.
Edmund is severely wounded.
You die...

########
#######......######+##
#.............#......#
#.............'p@....#
#.............#......#
######################


You could see Edmund (contam, misshapen).

Vanquished Creatures
  2 gnolls (D:1)
  2 adders (D:2)
  2 dart slugs (D:1)
  3 ball pythons
  5 bats
  3 endoplasms
  A giant cockroach (D:1)
  5 goblins
  3 hobgoblins
  5 jackals
  2 kobolds
  3 quokkas
  14 rats
50 creatures vanquished.

Notes
Turn   | Place    | Note
-------+----------+-------------------------------------------
     0 | D:1      | lordive the Troll Shapeshifter began the quest for the Orb.
     0 | D:1      | Reached XP level 1. HP: 18/18 MP: 0/0
   117 | D:1      | Reached XP level 2. HP: 16/26 MP: 1/1
   182 | D:1      | Reached XP level 3. HP: 20/32 MP: 2/2
   827 | D:2      | Found a shadowy altar of Dithmenos.
   841 | D:2      | Reached skill level 1 in Fighting
   841 | D:2      | Reached XP level 4. HP: 23/41 MP: 3/3
  1136 | D:2      | Reached skill level 4 in Unarmed Combat
  1452 | D:3      | You fall into a shaft and drop 2 floors!
  1452 | D:5      | Entered Level 5 of the Dungeon
  1459 | D:5      | Noticed Edmund
  1466 | D:5      | HP: 1/27 [poisoned by Edmund]
  1467 | D:5      | Succumbed to Edmund's poison

Illustrated notes

Levels and vault maps discovered:
D:1:      amcnicky_arrival_single_pillar, layout_basic, serial_glass,
          glass_columns_a, glass_columns_c
D:2:      layout_loops_cross, basic_altar, corexii_item_surrounded_by_moat,
          kennysheep_pointless_box
D:3:      layout_rooms, mainiacjoe_overflow_alcove_3
D:5:      layout_gridville, uniq_edmund, uniq_eustachio, uniq_ijyb

Skill      XL: |  1  2  3  4 |
---------------+-------------+-----
Fighting       | 1 |  1.1
Unarmed Combat | 4 |  4.1
Dodging        | |  1.9
Shapeshifting  | |  3.7

Action                     |  1- 3 |  4- 6 || total
---------------------------+-------+-------++-------
  Melee: Unarmed           |    92 |    38 ||   130
 Armour: Skin              |    35 |     8 ||    43
  Dodge: Dodged            |    48 |    23 ||    71
   Form: Flux              |     1 |       ||     1
